 Dungeon Sprint DCSS version 0.17-a0-1210-g1e4f09d (webtiles) character file.

5511 Kidiri the Unseen (level 10, -1/82 HPs)
             Began as a Spriggan Assassin on June 4, 2015.
             Was a High Priest of Dithmenos.
             Slain by an orc wizard
             ... wielding a +0 dagger
              (3 damage)
             ... in the Dungeon (Sprint VII: "The Pits").
             The game lasted 00:09:30 (1086 turns).

Kidiri the Unseen (Spriggan Assassin)               Turns: 1086, Time: 00:09:30

Health: -1/82      AC:  3    Str: 12    XL:     10   Next: 43%
Magic:  16/17      EV: 35    Int: 18    God:    Dithmenos [*****.]
Gold:   0          SH:  0    Dex: 22    Spells: 0 memorised, 9 levels left

rFire  . . .     SeeInvis +     w - +2 rapier (venom)
rCold  . . .     Clarity  .     c - +0 robe
rNeg   . . .     SustAt   .     (shield restricted)
rPois  .         Gourm    .     (helmet restricted)
rElec  .         Spirit   .     d - +0 cloak
rCorr  .         Warding  .     (gloves unavailable)
rMut   .         NoTele   +     (boots unavailable)
MR     +....                    (no amulet)
Stlth  ..........               u - +3 ring of intelligence
                                t - +3 ring of intelligence

@: berserking, slowed, wreathed by umbra, very quick, somewhat resistant to
hostile enchantments, extremely unstealthy
A: unfitting armour, see invisible, herbivore 3, speed 3, slow metabolism 2
a: Shadow Step, Shadow Form, Renounce Religion


You were in the Dungeon.
You worshipped Dithmenos.
Dithmenos was extremely pleased with you.
You were not hungry.

You visited 1 branch

Inventory:

Hand weapons
 a - a +2 dagger
 b - a +0 blowgun
 s - a +2 dagger of electrocution
 w - a +2 rapier of venom (weapon)
Missiles
 e - 8 poisoned needles
 f - 2 curare-tipped needles
Armour
 c - a +0 robe (worn)
 d - a +0 cloak (worn)
Jewellery
 t - a +3 ring of intelligence (left hand)
 u - a +3 ring of intelligence (right hand)
Scrolls
 m - a scroll of blinking
 p - 3 scrolls of remove curse
 q - 5 scrolls of amnesia
 r - a scroll of summoning
Potions
 h - 8 potions of curing
 i - 7 potions of heal wounds
 j - 2 potions of haste
 k - 4 potions of magic
 l - 2 potions of berserk rage
 o - 2 potions of invisibility
 v - 3 potions of cure mutation
Comestibles
 g - 8 bread rations
 n - 40 fruits


   Skills:
 + Level 7.3 Fighting
 * Level 12.7 Short Blades
 + Level 9.6 Throwing
 * Level 15.9 Dodging
 * Level 18.0 Stealth
 + Level 8.1 Invocations


You had 9 spell levels left.
You didn't know any spells.

Dungeon Overview and Level Annotations

Branches:
Dungeon (1/1)

Altars:
Ashenzari
Cheibriados
Dithmenos
Elyvilon
Fedhas
Gozag
Kikubaaqudgha
Makhleb
Nemelex Xobeh
Okawaru
Qazlal
Ru
Sif Muna
Trog
Vehumet
Xom
Yredelemnul
Zin
The Shining One
Beogh
Jiyva
Lugonu


Innate Abilities, Weirdness & Mutations

You are tiny and cannot use many weapons and most armour.
You have supernaturally acute eyesight.
You are a herbivore.
You cover ground extremely quickly.
You need consume almost no food.


Message History

Your shadow hits the death knight but does no damage.
The death knight closely misses you.
You puncture the death knight!
The death knight is almost dead.
The wraith closely misses you. The freezing wraith closely misses you.
The freezing wraith hits you.
* * * LOW HITPOINT WARNING * * *
The freezing wraith drains your vigour!
You feel as though you will be slow longer.
* * * LOW HITPOINT WARNING * * *
You puncture the death knight!
You kill the death knight!
Dithmenos accepts your kill.
Your Stealth skill increases to level 18!
Your Invocations skill increases to level 8!
The freezing wraith disappears in a puff of smoke!
The wraith disappears in a puff of smoke!
Something unseen opens the door.
The orc wizard hits you with a dagger.
You die...

.............#
...#..#......#
.............+
.............+
...#..#......#
.............#
'#####''######
....##''############## ####
....##......#.§§@ooC.###.o.#
....##....###..§###o..#...#
<...##..)##.'...'.##.o..C#
....##..##..##'##..##...##
....##..#..##...##..+...#
....##..#..#.....#..#...#
######..'..'.....'..'...+
######..#..#.....#..#..s#
..[[##..#..##...##..+...#


You could see an orc wizard (invisible) and an orc.

Vanquished Creatures
  A hydra (D)
  A death knight (D)
  2 lindwurms (D)
  Joseph (D)
  2 smoke demons (D)
  A fire drake (D)
  A guardian mummy (D)
  A hellwing (D)
  A polar bear (D)
  2 ynoxinuls (D)
  A redback (D)
  A hungry ghost (D)
  A basilisk (D)
  A fire bat (D)
  A water moccasin (D)
  A black bear (D)
  A necrophage (D)
  A brain worm (D)
  A giant frog (D)
  A hound (D)
  An orc wizard (D)
  A mummy (D)
  3 adders (D)
  A gnoll (D)
  2 river rats (D)
  A giant eyeball (D)
  2 ufetubi (D)
  An ooze (D)
  2 orcs (D)
  A bat skeleton (D)
  2 goblins (D)
  A kobold (D)
  A ball python (D)
  A rat (D)
43 creatures vanquished.

Notes
Turn   | Place    | Note
--------------------------------------------------------------
     0 | D        | Kidiri the Spriggan Assassin began the quest for the Orb.
     0 | D        | Reached XP level 1. HP: 10/10 MP: 2/2
    17 | D        | Reached skill level 1 in Short Blades
    17 | D        | Reached skill level 6 in Stealth
    26 | D        | Found a sacrificial altar of Ru.
    26 | D        | Found a basalt altar of Yredelemnul.
    26 | D        | Found a shadowy altar of Dithmenos.
    26 | D        | Found a deep blue altar of Sif Muna.
    26 | D        | Found a burning altar of Makhleb.
    26 | D        | Found a shimmering altar of Xom.
    26 | D        | Found an ancient bone altar of Kikubaaqudgha.
    26 | D        | Found a sparkling altar of Nemelex Xobeh.
    27 | D        | Found a glowing golden altar of the Shining One.
    27 | D        | Found a bloodstained altar of Trog.
    27 | D        | Found a shattered altar of Ashenzari.
    27 | D        | Found a white marble altar of Elyvilon.
    27 | D        | Found a snail-covered altar of Cheibriados.
    27 | D        | Found a blossoming altar of Fedhas.
    27 | D        | Found a radiant altar of Vehumet.
    27 | D        | Found a glowing silver altar of Zin.
    27 | D        | Found a corrupted altar of Lugonu.
    27 | D        | Found a viscous altar of Jiyva.
    27 | D        | Found a roughly hewn altar of Beogh.
    27 | D        | Found an iron altar of Okawaru.
    30 | D        | Became a worshipper of Dithmenos the Shadowed
    34 | D        | Found a stormy altar of Qazlal.
    34 | D        | Found an opulent altar of Gozag.
   129 | D        | Reached XP level 2. HP: 13/15 MP: 3/3
   314 | D        | Reached skill level 7 in Stealth
   317 | D        | Acquired Dithmenos's first power
   317 | D        | Reached XP level 3. HP: 18/18 MP: 4/4
   320 | D        | Reached skill level 8 in Stealth
   388 | D        | Noticed a brain worm
   391 | D        | Noticed a black bear
   391 | D        | Noticed an orc wizard
   406 | D        | Killed a brain worm
   406 | D        | Reached skill level 9 in Stealth
   406 | D        | Reached skill level 1 in Invocations
   406 | D        | Reached XP level 4. HP: 21/23 MP: 4/6
   407 | D        | Acquired Dithmenos's second power
   417 | D        | Killed an orc wizard
   417 | D        | Reached skill level 5 in Short Blades
   431 | D        | Killed a black bear
   431 | D        | Reached skill level 10 in Stealth
   431 | D        | Reached XP level 5. HP: 22/28 MP: 5/8
   434 | D        | Noticed a necrophage
   437 | D        | Acquired Dithmenos's third power
   511 | D        | Killed a necrophage
   511 | D        | Reached skill level 5 in Throwing
   511 | D        | Reached skill level 11 in Stealth
   511 | D        | Reached XP level 6. HP: 31/33 MP: 9/9
   538 | D        | Noticed a five-headed hydra
   540 | D        | Killed a five-headed hydra
   540 | D        | Reached skill level 5 in Fighting
   540 | D        | Reached skill level 13 in Stealth
   540 | D        | Reached skill level 5 in Invocations
   540 | D        | Reached XP level 7. HP: 36/39 MP: 9/11
   540 | D        | Reached XP level 8. HP: 39/43 MP: 9/12
   569 | D        | Noticed a hound
   569 | D        | Noticed a fire bat
   573 | D        | Killed a fire bat
   573 | D        | Acquired Dithmenos's fourth power
   573 | D        | Reached skill level 14 in Stealth
   577 | D        | Killed a hound
   587 | D        | Noticed a water moccasin
   587 | D        | Noticed a smoke demon
   587 | D        | Noticed a hellwing
   590 | D        | Killed a hellwing
   592 | D        | Killed a smoke demon
   592 | D        | Reached skill level 10 in Short Blades
   594 | D        | Killed a water moccasin
   594 | D        | Reached skill level 15 in Stealth
   699 | D        | Noticed Joseph
   701 | D        | Killed Joseph
   701 | D        | Reached XP level 9. HP: 48/48 MP: 9/14
   712 | D        | Noticed a basilisk
   713 | D        | Noticed a giant frog
   714 | D        | Killed a basilisk
   715 | D        | Killed a giant frog
   800 | D        | Noticed a ynoxinul
   804 | D        | Killed a ynoxinul
   862 | D        | Noticed a guardian mummy
   864 | D        | Killed a guardian mummy
   864 | D        | Reached skill level 16 in Stealth
   899 | D        | Noticed a ynoxinul
   899 | D        | Noticed a hungry ghost
   901 | D        | Killed a ynoxinul
   906 | D        | Killed a hungry ghost
   933 | D        | Noticed a redback
   935 | D        | Killed a redback
   970 | D        | Noticed a fire drake
   970 | D        | Noticed a polar bear
   971 | D        | Noticed a smoke demon
   971 | D        | Noticed a lindwurm
   972 | D        | Killed a fire drake
   973 | D        | Killed a polar bear
   975 | D        | Killed a lindwurm
   975 | D        | Reached skill level 15 in Dodging
   975 | D        | Reached skill level 17 in Stealth
   975 | D        | Reached XP level 10. HP: 53/53 MP: 6/16
   993 | D        | Killed a smoke demon
  1045 | D        | Noticed a death knight
  1047 | D        | Noticed a cyclops
  1047 | D        | Noticed an orc wizard
  1047 | D        | Noticed a lindwurm
  1048 | D        | Noticed a wolf spider
  1064 | D        | Killed a lindwurm
  1082 | D        | HP: 4/82 [freezing wraith[a death knight] (10)]
  1084 | D        | HP: 1/82 [freezing wraith[a death knight] (1)]
  1085 | D        | Killed a death knight
  1085 | D        | Reached skill level 18 in Stealth
  1086 | D        | Slain by an orc wizard

Vault maps used:
D:        pitsprint

Action                   |  1- 3 |  4- 6 |  7- 9 | 10-12 || total
-------------------------+-------+-------+-------+-------++-------
Melee: Dagger            |    32 |    19 |    26 |    16 ||    93
       Rapier            |       |       |       |     7 ||     7
 Fire: Blowgun           |     1 |       |       |       ||     1
Invok: Shadow Step       |       |       |    10 |     1 ||    11
  Use: Potion            |       |       |       |     5 ||     5
 Stab: Sleeping          |     5 |     2 |    18 |     1 ||    26
       Distracted        |       |     1 |       |       ||     1
